[Event "Sautron op 15th"]
[Site "Sautron"]
[Date "2015.10.24"]
[Round "8.4"]
[White "Colin, Vincent"]
[Black "Koziak, Vitali"]
[Result "1/2-1/2"]
[ECO "D37"]
[WhiteElo "2399"]
[BlackElo "2472"]
[Annotator "RR"]
[PlyCount "68"]
[EventDate "2015.10.24"]
[EventType "swiss"]
[EventRounds "9"]
[EventCountry "FRA"]
[SourceTitle "CBM 169 Extra"]
[Source "ChessBase"]
[SourceDate "2015.12.18"]
[SourceVersion "1"]
[SourceVersionDate "2015.12.18"]
[SourceQuality "1"]
[TimeControl "40/5400+30:1800+30"]
[WhiteClock "0:01:04"]
[BlackClock "0:01:02"]

1. d4 d5 2. c4 e6 3. Nf3 Nf6 4. Nc3 Be7 5. Bf4 O-O 6. e3 Nbd7 (6... c6 $143 7. Qc2 Nbd7 (7... Nh5 $6 8.
Bd3 (8. Be5) 8... Nxf4 9. Bxh7+ Kh8 10. exf4 g6 11. Bxg6 fxg6 12. Ne5 $36) 8.
h3 a6 9. Rd1 h6 (9... b5 10. c5 $14 a5 11. Bd3 b4 12. Na4 Ba6 13. Bxa6 Rxa6 14.
O-O Qc8 15. Ne1 Bd8 16. Nd3 Bc7 17. a3 bxa3 18. bxa3 Re8 19. Bxc7 Qxc7 20. Rb1
e5 21. Rb6 $36 {Kramnik,V (2715)-Zude,A (2430) Bundesliga 9495 1994 [1] 1-0})
10. a3 dxc4 11. Bxc4 Nd5 12. O-O Nxf4 13. exf4 Qc7 14. Ne5 Nf6 15. Ba2 Bd7 16. Bb1 Be8 17. d5 $40 {[%csl Rf6,Rg8]
[%cal Gc3d5,Gc2c7];Kramnik,V (2590)-Lputian,S (2560) EU-chT (Men) 10th 1992 (6.
3) 1-0}) 7. cxd5 $5 (7. c5) (7. Qc2 ) 7... Nxd5 8. Bg3 (8. Nxd5 exd5 9. Bd3 c5 10. O-O b6 11.
dxc5 bxc5 12. e4 d4 13. Rc1 Nb6 14. Ne5 Bb7 15. Qg4 Qc8 16. Qxc8 Rfxc8 17. Nc4
Nxc4 18. Bxc4 a5 19. f3 a4 20. Kf2 Ba6 21. Ke2 Rc6 22. Kd3 Rb6 23. Rf2 Kf8 24.
Bxa6 Raxa6 25. Rc4 Ke8 26. Rfc2 Kd7 27. Bc1 g6 28. f4 f5 29. Re2 Re6 30. e5 h5
31. g3 Kc6 32. h3 Kd5 33. Rg2 Reb6 34. h4 Rb5 35. Rgc2 Bd8 36. Bd2 Bb6 37. Bc1
Bd8 {Shirov,A (2696)-Radjabov,T (2733) Riga 2013 1/2-1/2}) 8... c5 9. Bd3 cxd4 10. exd4 N7f6 11. O-O Nxc3 $146 (
11... b6 12. Qe2 Bb7 13. Rac1 Rc8 14. Ne5 Nxc3 15. bxc3 Qd5 16. Nf3 Ne4 17. c4
Nxg3 18. hxg3 Qd6 19. Rfd1 Rfd8 20. Be4 Bxe4 21. Qxe4 Bf6 22. g4 h6 23. Qe3 Qe7
24. Rc2 Rc7 25. Qb3 Qd7 26. Rdd2 Rdc8 27. a4 Qc6 28. Re2 Qd6 29. Re4 Qc6 30.
Ree2 Qd6 31. Re4 Rc6 32. a5 Qc7 33. axb6 axb6 34. Re3 Qf4 35. g5 hxg5 36. Qd3
g4 37. Ne5 Rd6 38. Re4 Qf5 39. Qe2 Rcd8 40. Rd2 g3 41. fxg3 {Korobov,A (2678)
-Macieja,B (2614) Lublin 2012 0-1 (99)}) 12. bxc3 b6 13. Qe2 Bb7 14. Rfd1 g6 (14... Rc8) 15. Rac1 Nh5 16. c4 Nxg3 17. hxg3 Rc8 $15
{[%emt 0:04:42][%cal Gb7a6,Gc8c7,Gd8a8,Gf8c8] La paire de B est forte dans
cette position ouverte mais les P pendants ont un potentiel dynamique} 18. Be4 Bxe4 19. Qxe4 Bf6 20. g4 Qe7 (20... Qc7 )
21. Qf4 Rfd8 22. g3 Bg7 23. g5 Qa3 24. Kg2 $1 {[%emt 0:04:29] Jouant la contre-attaque plustôt que de
défendre la faiblesse "a2"} (24. Nd2 $5 Qxa2 25. Ne4 Rxc4 26. Nf6+ $44) 24...
Qxa2 25. Rh1 Rxc4 26. Ra1 Qc2 27. Rxh7 $3 Qf5 $1 (27... Kxh7 28. Qxf7 $18 ) 28. Qh4 Rc3 29. Ne5 Bxe5 30. dxe5 Rxg3+ $3 31. Qxg3 (31. fxg3 Rd2+ 32. Kh1 Qe4+ 33. Kg1 Qg2#) 31... Kxh7 32. Rxa7 Kg7 33. Ra3 Rd4 34. Kf1 Rg4 {[%emt 0:02:00] Une belle
partie!} 1/2-1/2

[Event "Sautron op 15th"]
[Site "Sautron"]
[Date "2015.10.24"]
[Round "9.5"]
[White "Swayams, Mishra"]
[Black "Ider, Borya"]
[Result "1/2-1/2"]
[ECO "D37"]
[WhiteElo "2444"]
[BlackElo "2464"]
[Annotator "RR"]
[PlyCount "114"]
[EventDate "2015.10.24"]
[EventType "swiss"]
[EventRounds "9"]
[EventCountry "FRA"]
[SourceTitle "CBM 169 Extra"]
[Source "ChessBase"]
[SourceDate "2015.12.18"]
[SourceVersion "1"]
[SourceVersionDate "2015.12.18"]
[SourceQuality "1"]
[TimeControl "40/5400+30:1800+30"]

1. c4 e6 2. Nc3 d5 3. d4 Nf6 4. Nf3 Nbd7 5. Bf4 dxc4 6. e3 b5 {Une ligne
secondaire} (6... Nd5) 7. Nxb5 Nd5 8. Nc3 Bb4 9. Rc1 (9. Qc2 N7b6 10. Bg3 O-O
11. Be2 c5 12. O-O cxd4 13. Nxd4 Bb7 14. Bf3 Qd7 {1/2-1/2 (14) Karjakin,S 
(2762)-Mamedyarov,S (2736) Baku 2015}) 9... N7b6 $146 (9... Nxf4 10. exf4 Qf6
11. g3 Bb7 12. Bg2 O-O 13. O-O Rfd8 14. Qc2 Rab8 15. Rfd1 Bxc3 16. Qxc3 Bd5 17.
Ne5 Bxg2 18. Kxg2 Nxe5 19. dxe5 Qe7 20. Qxc4 Rxd1 21. Rxd1 Rxb2 22. Qc6 h5 23.
Qa8+ Kh7 24. Rd8 Qb4 25. Kh3 Rxf2 26. Rh8+ Kg6 27. Qd8 f6 28. f5+ {1-0 (28) Bu,
X (2668)-Wang,C (2490) Xinghua 2012}) 10. Be2 Bb7 11. O-O Nxf4 $132 12. exf4
Qf6 13. g3 Rd8 (13... O-O) 14. a3 Be7 15. Na4 h5 $5 16. Nxb6
axb6 17. Rxc4 h4 18. Rxc7 (18. Nxh4 $6 Rxh4) 18... Bd5 19. Ne5 Qh6 $36 20. Ng4
Qh7 21. Qc2 Be4 22. Qa4+ Kf8 23. Rxe7 $1 hxg3 (23... Kxe7 24. Qb4+ Kd7 25. Bb5+
$40) 24. fxg3 Qh3 25. Kf2 Kxe7 $13 {[%csl Re7,Rf2] Les deux K sont exposés}
26. Rc1 $6 (26. Qb4+ $142 $1 {[%csl Re7] Plus précis pour éviter de laisser
le temps au K Noir de fuir à l'aile-roi} Rd6 (26... Ke8 27. Bb5+) 27. Rc1 ) 26... Kf8 27. Rc7 Qg2+ 28. Ke3 Bg6 29. Rd7 Rc8 30. Qa6 Qg1+ 31.
Kf3 (31. Kd2 Qc1#) 31... Qh1+ 32. Kf2 Qc6 33. Qb7 Qxb7 34. Rxb7 f5 35. Ne5
Rxh2+ 36. Ke3 Be8 37. Rxb6 Rc2 38. Bc4 Rcg2 39. d5 (39. Bxe6 Rxg3+
40. Nf3 Rhh3 41. Bd5) 39... Rxg3+ 40. Kd4 exd5 41. Kxd5 $1 Rd2+ 42. Ke6 Rd8 43. Kxf5 Rh3 44. b3 Rh6 45. Rxh6 gxh6 46.
a4 Ra8 47. Kf6 $1 h5 48. Kg5 Ra7 49. f5 Rg7+ 50. Ng6+ Bxg6 51.
fxg6 h4 52. Kxh4 (52. Bf7 Rxf7 $1) 52... Rxg6 53. a5 Ke8 54. a6 Rg7 55. Kh5 Kd8
56. Kh6 Rd7 57. Kg5 Kc7 1/2-1/2

[Event "Sautron op 14th"]
[Site "Sautron"]
[Date "2014.10.25"]
[Round "7"]
[White "Lagarde, Maxime"]
[Black "Terrieux, Kevin"]
[Result "1-0"]
[ECO "D37"]
[WhiteElo "2566"]
[BlackElo "2409"]
[Annotator "RR"]
[PlyCount "41"]
[EventDate "2014.10.26"]
[EventType "swiss"]
[EventRounds "9"]
[EventCountry "FRA"]
[SourceTitle "EXT 2015"]
[Source "ChessBase"]
[SourceDate "2014.11.20"]
[SourceVersion "1"]
[SourceVersionDate "2014.11.20"]
[SourceQuality "1"]
[TimeControl "40/5400+30:1800+30"]
[WhiteClock "0:28:24"]
[BlackClock "0:09:09"]

1. d4 Nf6 2. c4 e6 3. Nf3 d5 4. Nc3 Be7 5. Bf4 O-O 6. e3 c5 7. dxc5 Bxc5 8.
Qc2 Nc6 9. Rd1 (9. a3 Qa5
10. O-O-O $13) 9... Qa5 10. Be2 (10. a3 $5 {
[%cal Gb2b4] Un coup d'attente utile} Be7 11. Be2) 10... dxc4 (10... Bb4 11. O-O Bxc3 12. bxc3 $14 {Gupta,A (2625)-Negi,P (2631) IND-chA
49th 2011 (13) 1/2}) 11. Bxc4 a6 (11... Be7 12. O-O a6 13. a3 Nh5 14. Bd6 Bxd6 15. Rxd6 Rd8 16. Rxd8+ Qxd8 17.
Rd1 Qe7 18. Ne4 Nf6 19. Bd3 h6 20. Nd6 Nd5 21. Qc5 Qc7 22. Bb1 b6 23. Qc2 Qxd6
24. Qh7+ Kf8 25. Qh8+ Ke7 26. Qxg7 Bb7 27. e4 Qf4 28. exd5 Rd8 29. Ba2 exd5 30.
h3 Rd7 31. Rxd5 Rxd5 32. Bxd5 Nd8 33. Bxb7 Nxb7 34. Qc3 Nc5 35. Nd2 Qf6 36. Qb4
a5 37. Qb5 Kf8 38. Nc4 Qd4 39. Ne3 Ne6 40. Qe2 a4 41. Nf5 {Kovalenko,I (2650)
-Short,N (2665) Tromsoe 2014 1-0 (61)}) 12. O-O b5 13. Be2 Nb4 14. Qb1 {[%emt 0:19:30]
Les Blancs sont sortis de la préparation} Nbd5 $146 (14...
Qb6 15. Ng5 h6 16. Nge4 Nxe4 17. Nxe4 Nd5 18. Nxc5 Nxf4 19. exf4 Qxc5 20. Qe4
Rb8 21. Bd3 g6 22. Rc1 Qd5 23. Qxd5 exd5 24. Rfe1 Kg7 25. Rc7 Rb6 26. Ree7 Re6
27. f3 Kf6 28. Rxe6+ Kxe6 29. Kf2 Kd6 30. Ra7 Kc6 31. Re7 Kd6 32. Ra7 Kc6 33.
Re7 Bd7 34. b4 Kd6 35. Re2 a5 36. bxa5 Ra8 37. Bc2 Rxa5 38. Bb3 b4 39. Ke3 Ba4
40. Kd4 Bxb3 41. axb3 Ra1 42. Rc2 Rd1+ 43. Ke3 Rb1 44. Rc8 {Brondum,E (2175)
-Glud,J (2418) Obro 2006 0-1}) 15. Nxd5 Nxd5 16. Ng5 $36 g6 (16... Nf6 17.
Be5) 17. Bg3 Bb7 18. Bf3 Rfd8 {[%emt 0:05:26] Les pièces Noires sont maintenant assez mal placées
pour défendre l'aile-roi} (18... Rac8 19. Ne4) 19. Rc1 (19.
Qe4 ) 19... Qb6 20. Qe4 Bf8 $2 (20... Rd7 ) 21. Bc7 $1 1-0

[Event "Sautron op 14th"]
[Site "Sautron"]
[Date "2014.11.01"]
[Round "9"]
[White "Barbot, Pierre"]
[Black "Ider, Borya"]
[Result "1-0"]
[ECO "D37"]
[WhiteElo "2446"]
[BlackElo "2392"]
[Annotator "RR"]
[PlyCount "65"]
[EventDate "2014.10.26"]
[EventType "swiss"]
[EventRounds "9"]
[EventCountry "FRA"]
[SourceTitle "EXT 2015"]
[Source "ChessBase"]
[SourceDate "2014.11.20"]
[SourceVersion "1"]
[SourceVersionDate "2014.11.20"]
[SourceQuality "1"]
[TimeControl "40/5400+30:1800+30"]

1. d4 d5 2. Nf3 Nf6 3. c4 e6 4. Nc3 Nbd7 5. Bf4 dxc4 6. e3 a6 {Changeant le
premier par rapport à la partie de la ronde 7} (6... Nb6 {Peric,S (2188)-Ider,
B (2394) Sautron op 14th 2014 (7.8) 0-1}) 7. Bxc4 (7. a4 Bd6 8. Bg5 h6 9. Bh4
b6 10. Bxc4 Bb7 11. O-O O-O 12. Qe2 Be7 13. Rfd1 Ne4 14. Nxe4 Bxh4 15. d5 e5
16. Nxh4 Qxh4 17. Ng3 g6 18. Rac1 Kg7 19. Bd3 Qd8 20. a5 Nf6 21. axb6 cxb6 22.
e4 Qd6 23. Nf1 b5 24. Nd2 Rfc8 25. Bb1 Nd7 26. Qe3 a5 27. g3 a4 28. h4 h5 29.
Nf3 b4 30. Bd3 Rxc1 31. Rxc1 a3 32. bxa3 bxa3 33. Ra1 Qb4 34. Qd2 Qb3 35. Rb1
Qa4 36. Qa2 Ba6 {Aronian,L (2797)-Wang,H (2710) Beijing 2014 1-0 (76)}) 7...
Bd6 $6 $146 (7... b5 8. Bb3 Bb7 9. O-O Be7 10. Qe2 c5 11. Rfd1 Qb6 12. e4 b4
13. dxc5 Nxc5 14. Na4 Qb5 15. Qxb5+ axb5 16. Nxc5 Bxc5 17. Rac1 Nxe4 18. Nd4
O-O 19. f3 Rfd8 20. Be5 Bxd4+ 21. Bxd4 Nf6 22. Bxf6 gxf6 23. Rxd8+ Rxd8 24. Rc5
Bd5 {1/2-1/2 (24) Marin,M (2549)-Rowson,J (2574) Porto Mannu 2013}) 8. Ne5 O-O
9. O-O b5 10. Qf3 $1 Nb6 11. Bb3 $14 Bd7 12. Rac1 b4 13. Ne4 Bb5 $2 (13... Nxe4
) 14. Bg5 $1 $40 Be7 (14... Bxf1 15. Nxf6+ gxf6 16. Bxf6 ) 15.
Bxf6 Bxf6 16. Nc6 Bxc6 17. Nxf6+ Qxf6 18. Qxf6 gxf6 19. Rxc6 $16 {[%csl Rb6,
Rc7,Gd4] La finale est difficile pour les Noirs} a5 20. a4 bxa3 21. bxa3 Rfc8
22. Rfc1 Rab8 (22... Ra7 23. Rxb6) 23. g3 Na8 24. Bd1 Rb5 25. Ra6 Nb6 26. a4
Rb2 $22 27. Rxa5 Nd5 28. Rb5 Rxb5 29. axb5 f5 30. Bf3 Rd8 31. Rc5 Rd7 32. Bxd5
Rxd5 33. Rxd5 1-0

[Event "Syre Memorial op 36th"]
[Site "Issy les Moulineaux"]
[Date "2013.05.12"]
[Round "7"]
[White "Nguyen, Chi Minh"]
[Black "Shirazi, Kamran"]
[Result "1-0"]
[ECO "D37"]
[WhiteElo "2365"]
[BlackElo "2411"]
[Annotator "Shirazi,K/Primel,D"]
[PlyCount "71"]
[EventDate "2013.05.08"]
[EventType "swiss"]
[EventRounds "7"]
[EventCountry "FRA"]
[SourceTitle "EXT 2015"]
[Source "ChessBase"]
[SourceDate "2014.11.20"]
[SourceVersion "1"]
[SourceVersionDate "2014.11.20"]
[SourceQuality "1"]
[TimeControl "40/5400+30:1200+30"]

1. d4 d5 2. c4 e6 3. Nf3 Nf6 4. Nc3 h6 {Une ligne secondaire} 5. a3 (5. Bf4
dxc4 (5... c6) (5... Be7 6. e3 c6 7. h3 Nbd7) 6. e3 Bd6 7. Bxc4 Bxf4 8. exf4
O-O 9. Ne5 Nc6 10. Nxc6 bxc6 11. O-O Qd6 12. Qd2 c5 13. Rfd1 Rd8 14. Nb5 Qc6
15. Qa5 Bb7 16. Bf1 Nd5 17. Qd2 a6 18. Nc3 Ne7 19. Ne2 cxd4 20. Nxd4 Qb6 21.
Qc3 Nd5 22. Qc1 c5 23. Nf3 Qb4 24. a3 Qxf4 25. Rxd5 {1-0 (25) Van Wely,L (2650)
-Epishin,V (2590) Ourense 2009}) (5. e3 c6 6. Bd3) 5... c5 (5... c6 6. cxd5
exd5 7. Qc2 Bd6 8. e3 O-O 9. Bd3 Re8 10. h3 Nbd7 11. O-O Qe7 12. Nd2 Nf8 13. e4
Ne6 14. e5 Nxd4 15. exd6 Nxc2 16. dxe7 Nxa1 17. b4 Ne4 18. Ndxe4 dxe4 19. Bxe4
Be6 20. Be3 {Alanic,X (2284)-Legky,N (2473) France 2008 1/2-1/2 (82)}) 6. dxc5 Bxc5 7. b4 $146 (7. e3 O-O 8. cxd5 exd5 9. Be2 Nc6 10. O-O
a6 11. b4 Ba7 12. b5 d4 13. bxc6 dxc3 14. Qb3 Qc7 15. Qxc3 Qxc6 16. Qxc6 bxc6
17. Bb2 Ne4 18. Rac1 c5 19. Rfd1 Bb6 20. Ne5 Re8 21. Bf3 Bf5 22. g4 Bh7 23. Rd7
Ra7 24. Rcd1 Rxd7 25. Rxd7 f6 26. Nc4 Re6 27. Rb7 Bd8 28. Rb8 Re8 29. Bxe4 {
1/2-1/2 (29) Magnier,H (2195)-Yacob,F (2270) France 1998}) 7... Bd6 8. Bb2 O-O
9. c5 Bc7 10. Nb5 Nbd7 11. e3 Bb8 {[%csl Ra8] Le manque de coordination entre
les R Noires va jouer ensuite un rôle dans la partie} 12. Nc3 Qe7 13. Be2 Rd8
14. O-O Nf8 15. Qc2 {44} e5 {54} 16. e4 dxe4 17. Nxe4 Bf5 18. Nxf6+ Qxf6 $11
19. Qc3 Ne6 (19... Bc7) 20. Bc4 Nf4 21. Rfd1 $32 (21. Qe3 Bg4 {Shirazi}) 21... Bd3 22. Kh1 Qg6 $6 (22... Bxc4 {Plus simple}) 23. Nh4 Qh7 24. g3 Bc7 $13 25. gxf4 (25. Bxf7+ $5 {Aurait
évité la perte d'un P 2 coups plus tard}) 25... Qe4+ 26. f3 Qxc4 27. Qxc4
Bxc4 28. Bxe5 Rxd1+ (28... Bxe5 29. fxe5 Rxd1+ 30. Rxd1) 29. Rxd1 Rd8 30. Rxd8+
Bxd8 31. Nf5 f6 32. Bd6 a6 33. Kg2 Bd3 34. Nd4 g5 $4 $138 (34... f5 $8 35. Ne6 Bf6) 35. Ne6 Bc4 36. Nxd8 1-0

[Event "Sinquefield Cup 3rd"]
[Site "Saint Louis"]
[Date "2015.08.31"]
[Round "8"]
[White "Carlsen, Magnus"]
[Black "Nakamura, Hikaru"]
[Result "1/2-1/2"]
[ECO "D37"]
[WhiteElo "2853"]
[BlackElo "2814"]
[Annotator "Wagner,D"]
[PlyCount "190"]
[EventDate "2015.08.23"]
[EventType "tourn"]
[EventRounds "9"]
[EventCountry "USA"]
[EventCategory "22"]
[SourceTitle "CBM 168"]
[Source "ChessBase"]
[SourceDate "2015.09.14"]
[SourceVersion "1"]
[SourceVersionDate "2015.09.14"]
[SourceQuality "1"]
[TimeControl "40/7200:3600+30"]

{The day before Carlsen had lost an unbelievable game against Grischuk. After
losing his objectivity in a completely equal position he had to suffer for a
long time in an ending a pawn down. Nakamura on the other hand was outplayed
by Aronian after unconvincing preparation in a Spanish line.} 1. d4 d5 {[%emt 0:00:10] I was following the live commentary where former
World Champion Garry Kasparov joined Yasser Seirawan and Jennifer Shahade in
the commentary room. When asked which opening he would have recommended
Nakamura against Carlsen he immediately responded: King's Indian, of course!} (
1... Nf6 $1 2. c4 g6 3. Nc3 Bg7 $1) 2. c4 e6 3. Nc3 Be7 {[%emt 0:00:04] But instead Nakamura goes for the
solid Queen's Gambit, a decent opening of course, but in the specific
tournament situation I would tend to agree with Kasparov. After his loss on
the previous day it would have been more unpleasant for Carlsen to face
concrete problems in a sharp line, where on top of that it's easier for
Nakamura to unfold his full potential.} 4. Bf4 Nf6 5. e3 O-O 6. a3 $5 {[%emt 0:00:22]
The main point of this line is to prevent 6...Nbd7, so 6...b6 is considered
the right reply now, because a3 is not that useful in the b6-setup.} c5 {
[%emt 0:08:20] A risky choice, because Carlsen has lots of experience in this
line with both colours.} (6... b6 $1) (6... Nbd7 $6 7. Nb5 $1) 7. dxc5 Bxc5 8. Nf3 Nc6 9. Qc2 Qa5 (9... Re8 {was played by
Carlsen himself in his last World Championship match with Anand.} 10. Bg5 Be7
11. Rd1 Qa5 12. Bd3 h6 13. Bh4 dxc4 14. Bxc4 a6 15. O-O b5 16. Ba2 Bb7 17. Bb1
Rad8 18. Bxf6 Bxf6 19. Ne4 Be7 20. Nc5 Bxc5 21. Qxc5 b4 $11 {1/2 (41)-1/2 (41)
Anand, V (2792)-Carlsen,M (2863) Sochi 2014}) 10. Rd1 Be7 11. Be2 Ne4 {[%emt 0:02:11] I wonder what
went wrong with Nakamura's preparation, because this line is considered
dubious already for quite a long time.} (11... dxc4 12. Bxc4 Nh5 {is another
line, where White gets a small plus.}) 12. cxd5 Nxc3 13. Qxc3 (13. bxc3 $5 {seems also pleasant for White.}
exd5 14. O-O Bf6 15. c4 Be6 16. Bg5 dxc4 17. Bxf6 gxf6 18. Bxc4 Qc5 19. Rc1
Qxc4 20. Qxc4 Bxc4 21. Rxc4 $16 {1-0 (37) Giri,A (2752)-Kasimdzhanov,R (2700)
Rosmalen 2014}) 13... Qxc3+ 14. bxc3 exd5 15. Rxd5 Bxa3 16. Nd4 $1 {
[%emt 0:00:52] A strong centralization move} Nxd4 (16... a5 {
is the other move that has been played here.} 17. Rb5 (17. Kd2 $5 a4 18. Kc2
Be7 19. Bf3 $14) 17... a4 18. Kd2 Be7 19. Ra1 Ra7 20. Bg5 f6 21. Bf4 Rd8 22.
Bc7 Re8 23. Bb6 Ra8 24. Bc4+ Kf8 25. Ne6+ Bxe6 26. Bxe6 Bd6 27. Bd5 $16 {
1-0 (41) Sokolov,I (2657)-Meier,G (2608) Budva 2009}) 17. exd4 b6 18. Kd2 $14 {[%emt 0:03:18] It's time to make a cut and
evaluate the position that has arisen. White has a protected passed pawn in
the centre, while Black has one on the a-file. The White king is centralized
and his other pieces are also active. Black on the other hand has an awkward
piece placement. Especially his bishops are struggling to find good spots, as
will also be demonstrated by the game later on. All in all White has a pretty
decent and riskfree advantage, normally a dream position for our World
Champion.} Be6 19. Rb5 Bd7 20. Rb3 Be7 21. Bf3 Ba4 {
[%emt 0:06:33] The other bishop has emerged to the edge of the board.} (21...
Rac8 22. Ra1 $18 {loses already a pawn!}) 22. Rb2 Rad8 23. Ra1 b5 {[%emt 0:00:06] The only way to
prevent losing material, but now Black has built a cage for his own bishop.}
24. Bc6 a6 25. Bb7 Bd6 26. Be3 a5 27. Bc6 {[%emt 0:
00:37] logical and efficient play so far. The weak pawns are attacked and
become even weaker by advancing.} Rb8 28. d5 $18 Rfd8 (28... Be5 29. f4 Bf6 30. Kd3 $18 {
is no better.}) 29. Kd3 {[%emt 0:00:34] White is in full control!} Bf8 30. Bd4 f6 31. Ke4 Bd6 32. c4 $6 {[%emt 0:01:49] This is not the kind of
technical play to which we are accustomed from Magnus. Although this is
winning there was no need to hurry.} ({Instead the position could have been
improved slowly but surely with e.g.} 32. g3 $5 $18 {[%cal Gf2f4] intending to
improve the position to the maximum, before c4 is carried out. Black can't do
anything.}) 32... Bb4 33. Ba7 f5+ $1 {
[%emt 0:06:37] Nakamura is always capable of finding some tricks to create
problems for his opponent.} 34. Kf3 Rbc8 35.
cxb5 Bxb5 36. Bxb5 Bc3 37. Rab1 (37. Rba2 Bxa1 38. Rxa1 Rxd5 39. Rxa5
$1 Kf8 40. Bb6 Rb8 41. Bc4 Rxa5 42. Bxa5 $18 {should be winning for White, but
there is still some technical work ahead of him. I give a sample line to
illustrate how play may continue. White has to display some accuracy to break
down Black's defence.} g6 43. Bd2 Kg7 44. Bc3+ Kf8 45. Ke3 Rc8 46. Kd4 Re8 47.
g3 Kg7 48. h4 Kh6 49. Bb5 Re6 50. Kd5 Re7 51. Kd6 Rb7 (51... Re4 52. f3 $1 $18
{pretty domination!}) 52. Be2 Ra7 53. Bd4 Ra4 54. Be3+ Kg7 55. Bb5 Re4 56. Bc6
Rb4 57. Ke7 Rc4 58. Bd5 Ra4 59. Bd2 Ra3 60. Bb4 Ra7+ 61. Ke8 h5 (61... Ra6 62.
Bc3+ Kh6 63. Kf8 $18) 62. Bc3+ Kh6 63. Kf8 Rc7 64. Bd4 Rc8+ 65. Kf7 Kh7 66. Be3
Rc3 67. Kf6 Ra3 68. Kg5 Ra6 69. Bf4 Rb6 70. Bf7 Kg7 71. Bc4 Kh7 72. Be5 Rb7 73.
f3 Ra7 74. Kf6 Kh6 (74... Rb7 75. Bf7 Rb6+ 76. Kg5 $18) 75. Bc3 Rc7 76. Bd2+
Kh7 77. Bf7 Rc6+ 78. Kg5 Kg7 (78... f4 79. Bxf4 (79. g4 $5 $18) 79... Kg7 80.
Bxg6 Rxg6+ 81. Kxh5 $18) 79. Be8 $18 Ra6 80. Bc3+ Kh7 81. Bf6 $18) 37... Bxb2 38. Rxb2 Rxd5 39. Be3 $2 {
[%emt 0:00:40] This doesn't make any sense. Maybe Magnus just blundered 39...
Rb8, because afterwards I saw him shaking his head in frustration on the
livestream.} (39. Ba4 $1 $18 {It's obvious that White should prevent a rook
exchange.} Rc3+ 40. Ke2 Re5+ 41. Kd2 Rc8 42. Rb7 Kf8 43. Be3 Rc4 44. Bb3 Rb4
45. Rxb4 axb4 46. Kd3 $18) 39... Rb8 40. Bc4 Rxb2 41. Bxd5+ Kh8 {[%emt 0:00:00] White
could have achieved the same position without the black a-pawn! Although he
has still winning chances this makes quite a huge difference. Especially from
a psychological point of view White's chances of success have dramatically
decreased.} 42. Bd4 Rb1 43. Ke2 a4 44. g3 a3 45. Kd2 h5 46. h4 Kh7 47. Bc4 g6 48. Kc2 Re1 (48... Rb8 $5 {It's not clear how White makes progress against
this setup either. The rook cuts the king from the a-pawn.}) 49. Be3 (49. Kb3 $2 a2 $19) (49. Bc5 f4 $1 50. Bxa3 (50. gxf4 Re4) 50... fxg3
51. fxg3 Re8 {is like the game.}) 49... f4 $1 {[%emt 0:00:33] a good pawn
exchange!} 50. Bxf4 (50. gxf4 Rh1 $132) 50... a2 51. Bxa2 Re2+ 52. Kb3 Rxf2 {[%emt 0:00:04] This is already a convincing fortress! A major problem
for White is that Black sometimes has the possibility to sacfrice his rook for
the dark-squared bishop if he manages to exchange g-pawns afterwards.} 53. Bb1 Re2 54. Kc4 Kg7 55. Kd5 Re1 56. Bc2 Re2 57. Bd3 Re1 58. Be4 (58. Be5+ Kh7 59. Ke6 {White cannot make progress this way,
because Black can solve his problems radically:} Kh6 $1 60. Kf6 Rxe5 $1 61.
Kxe5 g5 $1 $11 62. hxg5+ Kxg5 63. Be2 h4 64. g4 h3 $11) 58... Rd1+ 59. Ke5 Re1 60. Bd2 Re2 61. Bc3 Kh6 62. Bb4 Rf2 {[%emt 0:01:25] White is unable to cross the f-file.} 63.
Bc5 Rf1 64. Bb4 Rf2 65. Be7 Rf1 66. Bf6 Rg1 67. Bg5+ Kg7 68.
Bf4 Re1 69. Kd5 Rd1+ 70. Ke6 Re1 71. Ke5 {[%emt 0:
00:07] I think about here Nakamura claimed a draw on a three-fold-repetition.
The position has indeed been reached for a third time, but while now it's
Black´s turn to move, in the earlier versions it was White to move. So after
adding some extra time to Magnus' clock the game continued.} Re2 72. Kd5 Re1 73. Bd3 Kh7 74. Kd4 Kg7 75. Be3 Ra1 76. Ke4 Ra4+ 77. Kf3 Ra3 78. Bb5 Rb3 79. Be8 Rb1 80. Bc6 Rb4 81. Bd2 Rb6 82. Bc3+ Kh6 83. Bd5 Rb1 84. Kf4 Rf1+ 85. Ke5 Rg1 86. Bd2+ Kg7 87. Bf4 Re1+ 88. Kd6 Kf6 89. Bf3 {[%emt 0:04:34] This allows Black to end his
suffering:} (89. Bc6 Rd1+ $11) 89... Kf5 $1 90. Kd5 Rf1 91. Be4+ Kg4 92.
Bxg6 Rxf4 93. gxf4 Kxf4 94. Bxh5 Kg3 95. Bd1 Kxh4 {Very tenacious defence by Nakamura and another
disappointment for Carlsen. In my opinion it's only a matter of time, till
Carlsen finds back his form. In an interview during this game Garry Kasparov
was asked whom he saw as the biggest threat to Carlsen recently. His answer
was telling: Magnus Carlsen!} 1/2-1/2